 Dungeon Crawl Stone Soup version 0.22.1-2-g9c5b331 (webtiles) character file.

373 Monzz the Chopper (level 6, -11/56 HPs)
             Began as a Hill Orc Monk on Jan 2, 2019.
             Was a Follower of Beogh.
             Killed by divine providence
             ... invoked by an orc priest
              (12 damage)
             ... on level 6 of the Dungeon.
             The game lasted 00:19:03 (5180 turns).

Monzz the Chopper (Hill Orc Monk)                   Turns: 5180, Time: 00:19:04

Health: -11/56     AC: 12    Str: 15      XL:     6   Next: 71%
Magic:  5/6        EV: 11    Int: 10      God:    Beogh [*.....]
Gold:   127        SH:  0    Dex: 13 (14) Spells: 5/5 levels left

rFire    + . .     SeeInvis .   a - +1 hand axe
rCold    + . .     Gourm    .   (no shield)
rNeg     . . .     Faith    .   q - +0 scale mail
rPois    .         Spirit   .   e - +0 helmet
rElec    .         Reflect  .   h - +0 cloak
rCorr    .         Harm     .   p - +0 pair of gloves
MR       .....     Rnd*Tele +   (no boots)
Stlth    +.........             (no amulet)
HPRegen  0.18/turn              l - ring of protection from fire
MPRegen  0.10/turn              s - ring of teleportation

@: no status effects
A: thin metallic scales 1, cold resistance 1
a: Renounce Religion


You were on level 6 of the Dungeon.
You worshipped Beogh.
Beogh was aware of your devotion.
You were not hungry.

You visited 1 branch of the dungeon, and saw 6 of its levels.

You collected 127 gold pieces.

Inventory:

Hand Weapons
 a - a +1 hand axe (weapon)
 f - a +0 dagger of venom
 m - a +2 dagger of electrocution
Missiles
 k - 72 stones (quivered)
Armour
 e - a +0 helmet (worn)
 h - a +0 cloak (worn)
 p - a +0 pair of gloves (worn)
 q - a +0 scale mail (worn)
Jewellery
 l - a ring of protection from fire (left hand)
 s - a ring of teleportation (right hand)
Scrolls
 n - a scroll of random uselessness
 o - a scroll of magic mapping
Potions
 g - 2 potions of cancellation
Comestibles
 b - 3 chunks of flesh
 c - 8 rations


   Skills:
 + Level 5.0 Fighting
 + Level 6.7 Axes
 + Level 2.5 Armour
 + Level 3.4 Dodging
 + Level 2.2 Stealth


You had 5 spell levels left.
You didn't know any spells.
Your spell library was empty.

Dungeon Overview and Level Annotations

Branches:
Dungeon (6/15)
 Temple: D:4-7

Altars:
Makhleb

Annotations:
D:5 Eustachio, Pikel


Innate Abilities, Weirdness & Mutations

You are partially covered in thin metallic scales. (AC +2)
Your flesh is cold resistant. (rC+)


Message History

An orc warrior comes into view. It is wielding a battleaxe.
The orc warrior shouts!
An orc priest comes into view. It is wielding a club.
The orc priest shouts!
You hear a bark! x2
A centaur comes into view.
A jelly comes into view.
The jelly jiggles.
The jelly barely misses you.
An orc wizard comes into view. It is wielding a dagger.
Found 2 scrolls of identify.
A worm comes into view.
The orc priest invokes the aid of Beogh against you.
Beogh smites you!
* * * LOW HITPOINT WARNING * * *
You hear a bark!
You hear a shout!
Found a scale mail and 22 arrows.
The orc priest looks satisfied for a moment.
The orc priest calls down the wrath of Beogh upon you.
Beogh smites you!
You die...
Beogh appreciates the orc priest's killing of a heretic priest.

### ... ####.. ......#####
######
##..........##########.....
..##................Z..[.#
...##......##########.###
##...##Z.@.## #.#
#........?J...# #.#
....##....#...# #<#
.......wo.#....# #[#
.....#....#...# #.....
.......o#..#..... ..####
.......o#...#..### ##..
..........#.#..# #.#
........?[#(.#.. ..#


You could see an orc warrior, a worm, a jelly, an orc priest, an orc wizard and
a hornet zombie.

Vanquished Creatures
  2 hounds
  An iguana (D:4)
  3 orc wizards
  A worker ant (D:4)
  A gnoll (D:1)
  Robin (D:2)
  3 adders
  2 oozes
  4 worms
  A dart slug (D:4)
  4 leopard geckos
  13 orcs
  3 giant cockroaches
  11 goblins
  12 hobgoblins
  11 jackals
  A quokka (D:2)
  2 ball pythons
  6 bats
  6 frilled lizards
  10 kobolds
  A quokka skeleton (D:4)
  8 rats
107 creatures vanquished.

Vanquished Creatures (others)
  An orc priest (D:4)
  An adder (D:4)
  3 orcs (D:4)
  A plant (D:4)
6 creatures vanquished.

Grand Total: 113 creatures vanquished

Notes
Turn   | Place    | Note
-------+----------+-------------------------------------------
     0 | D:1      | Monzz the Hill Orc Monk began the quest for the Orb.
     0 | D:1      | Reached XP level 1. HP: 19/19 MP: 1/1
    41 | D:1      | Reached XP level 2. HP: 20/27 MP: 2/2
   342 | D:1      | Reached XP level 3. HP: 19/33 MP: 3/3
  1351 | D:2      | Reached XP level 4. HP: 38/40 MP: 4/4
  1366 | D:2      | Reached skill level 5 in Axes
  1569 | D:2      | Gained mutation: You are partially covered in thin metallic
                  | scales. (AC +2) [potion of mutation]
  1569 | D:2      | Gained mutation: Your flesh is cold resistant. (rC+)
                  | [potion of mutation]
  1599 | D:2      | Noticed Robin
  1604 | D:2      | HP: 1/41 [worm (9)]
  2012 | D:2      | Reached XP level 5. HP: 36/47 MP: 5/5
  2247 | D:2      | Reached skill level 1 in Armour
  2310 | D:2      | Killed Robin
  3677 | D:3      | Reached skill level 6 in Axes
  3677 | D:3      | Reached XP level 6. HP: 48/53 MP: 6/6
  4116 | D:4      | Became a worshipper of Beogh the Brigand
  4116 | D:4      | Reached * piety under Beogh
  4116 | D:4      | Reached ** piety under Beogh
  4678 | D:4      | Noticed a phantom
  4887 | D:5      | Entered Level 5 of the Dungeon
  4888 | D:5      | Noticed a slave
  4888 | D:5      | Noticed a slave
  4888 | D:5      | Noticed a slave
  4889 | D:5      | Noticed Pikel
  4904 | D:5      | Noticed a slave
  4911 | D:5      | Noticed Eustachio
  5145 | D:6      | Found a burning altar of Makhleb.
  5153 | D:6      | Reached skill level 5 in Fighting
  5176 | D:6      | Noticed an orc warrior
  5177 | D:6      | HP: 1/56 [orc priest/divine providence (13)]
  5180 | D:6      | Killed from afar by an orc priest

Skill      XL: |  1  2  3  4  5  6 |
---------------+-------------------+-----
Fighting       | 4 5 |  5.0
Dodging        | 3 |  3.4
Axes           | 5 6 |  6.7
Stealth        | 2 |  2.2
Armour         | 2 |  2.5

Action                   |  1- 3 |  4- 6 || total
-------------------------+-------+-------++-------
Melee: Hand axe          |   115 |   461 ||   576
Invok: Smiting           |       |     1 ||     1
       Convert to Beogh  |       |     1 ||     1
  Use: Scroll            |       |    11 ||    11
       Potion            |       |     9 ||     9
 Stab: Sleeping          |     4 |     2 ||     6
  Eat: Chunk             |     1 |    10 ||    11
       Ration            |       |     1 ||     1
Armor: Robe              |    17 |     1 ||    18
       Leather armour    |       |    40 ||    40
       Ring mail         |       |    22 ||    22
       Scale mail        |       |   108 ||   108
       Skin              |       |    14 ||    14
Dodge: Dodged            |    89 |   230 ||   319
